 Dungeon Crawl Stone Soup version 0.31-a0-1576-ga3383bade6 (webtiles) character file.

Game seed: 8298564680940113932

196 mopl the Ruffian (level 6, -13/45 HPs)
             Began as a Djinni Shapeshifter on Jan 4, 2024.
             Mangled by an orc warrior
             ... wielding a +0 glaive
              (17 damage)
             ... on level 4 of the Dungeon.
             The game lasted 00:03:22 (2753 turns).

mopl the Ruffian (Djinni Shapeshifter)              Turns: 2753, Time: 00:03:23

Health: -13/45     AC: 10    Str: 21    XL:     6   Next: 4%
Gold:   132        EV: 11    Int: 12    God:
                   SH:  0    Dex: 12

rFire   + +          .
                       - Unarmed
rCold   . . .        (no shield)
rNeg    . . .        l - +5 ring mail "Gycsim" {Will+}
rPois   ∞            (helmet currently unavailable)
rElec   .            (cloak currently unavailable)
rCorr   .            (gloves currently unavailable)
SInv    .            (boots unavailable)
Will    +....        (no amulet)
Stlth   +            m - +6 ring of strength
HPRegen 0.27/turn    o - ring of protection from cold
MPRegen 0.00/turn

%: infuse magic (-14 HP)
@: beast-form, flying
A: beast (slay +2), flying, sickness immunity, fire resistance 2, cold
vulnerability 1, float, innate caster, HP casting, extra vitality 1
a: Begin Untransformation


You were on level 4 of the Dungeon.
You were a hulking beast.
You visited 1 branch of the dungeon, and saw 4 of its levels.

You collected 132 gold pieces.

Inventory:

Missiles
 k - 2 javelins
 u - 5 poisoned darts
Armour
 e - a +2 cloak
 l - the +5 ring mail "Gycsim" (worn) {Will+}
   (You found it on level 2 of the Dungeon)

   Will+:     It increases your willpower.
 w - a +0 helmet
Magical Staves
 j - a staff of cold
Jewellery
 m - a +6 ring of strength (left hand)
 o - a ring of protection from cold (right hand)
Talismans
 c - a beast talisman
 d - a flux talisman
 r - a serpent talisman
Scrolls
 g - a scroll of enchant weapon
 n - a scroll of noise {unknown}
 p - a scroll of brand weapon {unknown}
 s - 2 scrolls of identify
 v - a scroll of amnesia {unknown}
 x - a scroll of vulnerability {unknown}
Potions
 a - a potion of curing
 b - 2 potions of lignification {!q}
 f - a potion of magic {unknown}
 h - 2 potions of brilliance {unknown}
 i - a potion of mutation {unknown}
 q - a potion of attraction {unknown}
 t - a potion of might {unknown}


   Skills:
 + Level 2.4 Fighting
 - Level 2.1 Dodging
 * Level 4.5 Unarmed Combat
 * Level 3.9 Shapeshifting


You knew the following spells:

 Your Spells              Type           Power      Damage    Failure   Level
a - Sting                 Conj/Alch      0%         1d3       50%         1
b - Mercury Vapours       Alch/Air       0%         N/A       63%         2
Your spell library was empty.

Dungeon Overview and Level Annotations

Branches:
Dungeon (4/15)
 Temple: D:4-7

Altars:


Innate Abilities, Weirdness & Mutations

You are a hulking beast.
Your limbs bulge with bestial killing power. (Slay +2)
You are flying.
You are immune to sickness and miasma.
You are immune to poison.
Your flesh is very heat resistant. (rF++)
You are vulnerable to cold. (rC-)
You float through the air rather than walking.
You learn spells naturally, not from books.
Your magical power is your life essence.
You have superior vitality. (+4 MHP)


Message History

You hit the orc warrior but do no damage.
The orc warrior hits you with a +0 glaive!
You hear some strange, mumbled words.
Something tries to affect you, but you resist.
You are too injured to fight recklessly!
You are too injured to fight recklessly!
You are too injured to fight recklessly!
You are too injured to fight recklessly!
You are too injured to fight recklessly!
You are too injured to fight recklessly!
You are too injured to fight recklessly!
You are too injured to fight recklessly!
You are too injured to fight recklessly!
You are too injured to fight recklessly!
You are too injured to fight recklessly!
You are too injured to fight recklessly!
You are too injured to fight recklessly!
You are too injured to fight recklessly!
You are too injured to fight recklessly!
You are too injured to fight recklessly!
Unknown command.
The orc warrior hits you from afar with a +0 glaive!
* * * LOW HITPOINT WARNING * * *
Okay, then.
Okay, then.
Okay, then.
As you read the scroll labelled ROGYNG NEINN, it crumbles to dust.
It is a scroll of identify.
a - a potion of curing You hear some strange, mumbled words.
A magic dart appears from out of thin air!
The magic dart hits you.
* * * LOW HITPOINT WARNING * * *
The orc warrior barely misses you.
As you read the scroll labelled IQOATA HABUIDGH, it crumbles to dust.
It is a scroll of enchant weapon.
You aren't carrying any weapons that can be enchanted.
Something hits you but does no damage.
The orc warrior hits you from afar with a +0 glaive!
You die...

######...###...#.#
#...# ###...########
#.....###.#.........
#.#.#.......########
#.#.#.......#
#.#.#.####..## #.#.#
#...## #.# ##...#
#h#...# #{###.+ #o#
## .......B.......
.............##
.............#
.............#
.............+
.............#


You could see an orc warrior and a giant cockroach.

Vanquished Creatures
  2 orc priests (D:3)
  An orc wizard (D:3)
  2 adders (D:2)
  7 orcs
  9 bats
  5 endoplasms
  13 giant cockroaches
  8 hobgoblins
  5 jackals
  2 quokkas (D:1)
  5 ball pythons
  7 frilled lizards
  7 goblins
  6 kobolds
  A rat (D:3)
80 creatures vanquished.

Vanquished Creatures (others)
  A kobold (D:2)
  A bat (D:2)
  A frilled lizard (D:2)
3 creatures vanquished.

Grand Total: 83 creatures vanquished

Notes
Turn   | Place    | Note
-------+----------+-------------------------------------------
     0 | D:1      | mopl the Djinni Shapeshifter began the quest for the Orb.
     0 | D:1      | Reached XP level 1. HP: 17/17 MP: 0/0
    72 | D:1      | Reached XP level 2. HP: 18/22 MP: 0/0
   388 | D:1      | Reached skill level 3 in Shapeshifting
   413 | D:1      | Reached XP level 3. HP: 27/27 MP: 0/0
   413 | D:1      | Learned a level 1 spell: Sting
   959 | D:2      | Identified the +5 ring mail "Gycsim" {Will+}
  1369 | D:2      | Reached XP level 4. HP: 32/33 MP: 0/0
  1599 | D:2      | Found a faded altar of an unknown god.
  1843 | D:3      | Reached skill level 2 in Fighting
  1849 | D:3      | Reached skill level 4 in Unarmed Combat
  1849 | D:3      | Reached XP level 5. HP: 28/38 MP: 0/0
  1849 | D:3      | Learned a level 2 spell: Mercury Vapours
  2530 | D:3      | Reached XP level 6. HP: 45/45 MP: 0/0
  2743 | D:4      | Noticed an orc warrior
  2753 | D:4      | Mangled by an orc warrior

Illustrated notes

Levels and vault maps discovered:
D:1:      lightli_arrival_maybe_door_vault, layout_basic, serial_bayou,
          serial_bayou_pond_e, serial_bayou_pond_c, serial_bayou_lagoon_a,
          serial_bayou_ford_a, serial_bayou_lake_a, serial_bayou_pond_b,
          minmay_tromino_v7
D:2:      layout_loops_ring, shapermc_ecumenical_altar_mp_vishouse,
          lemuel_flame_loot_1
D:3:      minmay_roachtagon, layout_basic
D:4:      layout_basic, mainiacjoe_overflow_small_starburst,
          gammafunk_ghost_smash, minmay_small_thing

Skill      XL: |  1  2  3  4 |
---------------+-------------+-----
Shapeshifting  | 3 |  3.9
Fighting       | 2 |  2.4
Unarmed Combat | 4 |  4.5
Dodging        | |  2.1

Action                     |  1- 3 |  4- 6 || total
---------------------------+-------+-------++-------
  Melee: Unarmed           |   113 |   113 ||   226
         Punch             |     2 |     2 ||     4
    Use: Scroll            |       |     2 ||     2
   Stab: Sleeping          |     2 |       ||     2
 Armour: Animal skin       |    53 |       ||    53
         Ring mail         |    19 |   102 ||   121
  Dodge: Dodged            |    64 |    91 ||   155

Table legend: (Time is in decaauts)
 A = Elapsed time spent in this place.
 B = Non-inter-level travel time spent in this place.
 C = Inter-level travel time spent in this place.
 D = Time resting spent in this place.
 E = Time spent auto-exploring this place.
 F = Levels seen in this place.
 G = Mean time per level.
                   A        B        C        D        E       F      G
               +--------+--------+--------+--------+--------+-----+--------+
         Total |   2737 |   2673 |     64 |    299 |   1832 |   4 |  684.2 |
       Dungeon |   2737 |   2673 |     64 |    299 |   1832 |   4 |  684.2 |
               +--------+--------+--------+--------+--------+-----+--------+

Top non-repeatable levels by time:
     D:3: 936 daAuts
     D:1: 883 daAuts
     D:2: 827 daAuts
     D:4: 90 daAuts
